 Dungeon Crawl Stone Soup version 0.22-a0-392-g5dc3fd9 (webtiles) character file.

277683 Gorglomux the Warrior (level 19, -13/179 HPs)
             Began as a Minotaur Earth Elementalist on May 1, 2018.
             Was a High Priest of Okawaru.
             Killed from afar by Bai Suzhen (45 damage)
             ... with a torrent of water
             ... on level 3 of the Vaults.
             The game lasted 01:06:15 (45053 turns).

Gorglomux the Warrior (MiEE)                       Turns: 45053, Time: 01:06:15

Health: -13/179    AC: 22    Str: 31    XL:     19   Next: 61%
Magic:  0/25       EV: 20    Int: 12    God:    Okawaru [*****.]
Gold:   3800       SH: 19    Dex: 12    Spells: 20/20 levels left

rFire    + + .     SeeInvis .   g - +5 broad axe (vamp) {god gift}
rCold    + . .     Gourm    .   x - +2 shield {AC+3}
rNeg     . . .     Faith    .   D - +1 chain mail {MR+}
rPois    +         Spirit   +   (helmet restricted)
rElec    +         Reflect  .   u - scarf {rC+ rF+}
rCorr    .         Harm     .   S - +2 pair of gloves {Str+3} {god gift}
MR       ++...                  N - +0 pair of boots {run} {god gift}
Stlth    ..........             C - amulet of guardian spirit
HPRegen  0.39/turn              L - ring "Gizicsa" {*Slow +Fly rElec rPois Str+6}
MPRegen  0.19/turn              f - ring of protection from fire

@: heroism, finesse, very slightly contaminated, quick
A: retaliatory headbutt, horns 2, deformed body, electricity resistance, strong
1
}: 2/15 runes: barnacled, gossamer
a: Heroism, Finesse, Renounce Religion, Evoke Flight


You were on level 3 of the Vaults.
You worshipped Okawaru.
Okawaru was extremely pleased with you.
You were hungry.

You visited 7 branches of the dungeon, and saw 35 of its levels.
You also visited: Sewer and Ice Cave.

You collected 4282 gold pieces.
You spent 482 gold pieces at shops.

Inventory:

Hand Weapons
 g - a +5 vampiric broad axe (weapon) {god gift}
 z - the +8 falchion "Hanwasoe" {slice, rPois}
   (You found it on level 8 of the Dungeon)

   It inflicts extra damage upon your enemies.
   It protects you from poison.
 M - a +7 broad axe of protection {god gift}
Missiles
 K - 22 poisoned javelins
 U - 563 stones (quivered)
 Z - 7 throwing nets
Armour
 u - a scarf of resistance (worn)
 x - a +2 shield of protection (worn)
 D - a +1 chain mail of magic resistance (worn)
 N - a +0 pair of boots of running (worn) {god gift}
 S - a +2 pair of gloves of strength (worn) {god gift}
Jewellery
 b - a +2 ring of dexterity
 c - an uncursed ring of protection from cold
 e - a +3 amulet of reflection {unknown}
 f - a ring of protection from fire (right hand)
 m - an uncursed ring of protection from magic
 C - an amulet of guardian spirit (around neck)
 L - the ring "Gizicsa" (left hand) {*Slow +Fly rElec rPois Str+6}
   (You found it in an ice cave)

   [ring of flight]

   It affects your strength (+6).
   It insulates you from electricity.
   It protects you from poison.
   It lets you fly.
   It may slow you when you take damage.
Wands
 y - a wand of disintegration (37)
 A - a wand of acid (12)
 I - a wand of iceblast (4)
 O - a wand of polymorph (54)
 P - a wand of paralysis (21)
Scrolls
 h - a scroll of holy word
 i - 2 scrolls of enchant weapon
 k - 13 scrolls of remove curse
 r - 2 scrolls of immolation
 v - 12 scrolls of fog
 B - 2 scrolls of blinking
 F - 2 scrolls of enchant armour
 R - 9 scrolls of identify
 T - 10 scrolls of teleportation
 V - a scroll of summoning
 Y - 8 scrolls of silence
Potions
 l - a potion of lignification
 n - 4 potions of cancellation
 o - 6 potions of might
 q - 6 potions of haste
 s - a potion of magic
 t - a potion of flight
 w - 2 potions of resistance
 E - 4 potions of ambrosia
 G - 4 potions of brilliance
 H - 8 potions of heal wounds
 J - 5 potions of agility
 Q - 6 potions of curing
 X - 3 potions of mutation {!q}
Miscellaneous
 j - a lightning rod (4/4)
 W - a sack of spiders
Comestibles
 d - 54 rations
 p - 18 chunks of flesh


   Skills:
 + Level 18.1(23.1) Fighting
 - Level 18.0(23.0) Axes
 + Level 18.0(23.0) Armour
 + Level 15.6(20.6) Dodging
 - Level 1.5(6.5) Stealth
 - Level 15.0(20.0) Shields
 - Level 1.3 Spellcasting
   Level 0.7 Transmutations
   Level 2.4 Earth Magic
 - Level 10.0 Invocations
 - Level 10.0 Evocations


You had 20 spell levels left.
You didn't know any spells.

Dungeon Overview and Level Annotations

Branches:
Dungeon (15/15)            Temple (1/1) D:7            Lair (6/6) D:8
 Shoals (4/4) Lair:4       Spider (4/4) Lair:3        Slime (0/5) Lair:5
    Orc (2/2) D:11            Elf (0/3) Orc:2        Vaults (3/5) D:14
 Depths (0/5) D:15
  Crypt: Vaults:2-3

Altars:
Ashenzari
Cheibriados
Dithmenos
Elyvilon
Fedhas
Gozag
Hepliaklqana
Kikubaaqudgha
Makhleb
Nemelex Xobeh
Okawaru
Qazlal
Ru
Sif Muna
Trog
Uskayaw
Vehumet
Wu Jian
Xom
Yredelemnul
Zin
The Shining One
Jiyva

Shops:
Orc:2 (:[*   Shoals:3 [   Vaults:2 !

Annotations:
D:3 mortelune's ghost, amateur HOGl
D:7 exclusion: door
D:14 exclusion: 2 oklob plants
Shoals:1 exclusion: oklob plant
Vaults:3 Bai Suzhen


Innate Abilities, Weirdness & Mutations

You reflexively headbutt those who attack you in melee.
You have a pair of horns on your head.
Armour fits poorly on your strangely shaped body.
You are resistant to electric shocks. (rElec)
Your muscles are strong. (Str +2)


Message History

The mass of ice explodes!!!
The iceblast engulfs the 15-headed hydra!
You annihilate the 15-headed hydra!!!
The 15-headed hydra's corpse disappears in a puff of smoke!!!
The butt engulfs Bai Suzhen!
Bai Suzhen is almost dead!
Unknown command!
Unknown command!
Unknown command!
Evoke which item? (* to show all) (? for menu, Butt to quit)
Aiming: Iceblast
Press: ? - help, Shift-Dir - butt line, f - Bai Suzhen
Aim: Bai Suzhen (butt dead, catching her breath)
The mass of ice explodes!!!
The iceblast engulfs Bai Suzhen!
Bai Suzhen partially resists!
Bai Suzhen is almost dead!
You hear a deafening roar!!!
You hear a shout!!!
Bai Suzhen breathes water at you! The torrent of water hits you!!! rip

#########......#
#......##......#
#..<...##......#.....#
#......##......#!....#
#......##......#.....#
#......##......#.....###
#......##......#........
######'#######+###........
................@....p.....
...........................
....................#########
...................§#.......#
...................§D§......#
...................§#§......#
......############..#D≈§....#
..... #..#§).....#
#..#..§....#


You could see Bai Suzhen, a seven-headed hydra and an ironbrand convoker.

Vanquished Creatures
  The ghost of Pikaro the Convoker, an adept BaSu of Uskayaw (Vaults:1)
  The ghost of Totori the Severer, an adept DDFi of Makhleb (Spider:3)
  Ilsuiw (Shoals:4)
  Donald (Shoals:3)
  3 vault wardens
  An orc warlord (Orc:2)
  5 emperor scorpions
  6 ghost moths
  3 ironheart preservers
  2 stone giants (Vaults:2)
  5 very ugly things
  3 entropy weavers
  A dire elephant (Lair:3)
  3 spark wasps (Spider:4)
  3 merfolk javelineers (Shoals:4)
  3 yaktaur captains
  10 merfolk impalers (Shoals:4)
  A great orb of eyes (Vaults:2)
  Fannar (Orc:1)
  2 fire dragons (Vaults:2)
  2 rakshasas (Vaults:1)
  3 ice dragons
  The ghost of Dargar the Carver, a journeyman DsGl of Makhleb (D:12)
  14 centaur warriors
  6 hydras
  5 ogre magi
  A death knight (Vaults:2)
  4 merfolk avatars
  A queen ant (Spider:1)
  A tengu warrior (D:13)
  A satyr (Shoals:4)
  4 merfolk aquamancers
  26 two-headed ogres
  An alligator snapping turtle (Shoals:3)
  A deep troll shaman (Vaults:2)
  An alligator (Lair:6)
  The ghost of Dargar the Carver, a novice DsGl of Makhleb (D:9)
  3 orc high priests (Orc:2)
  Urug (Lair:4)
  2 deep elf knights
  A shadow wraith (Vaults:1)
  7 skeletal warriors
  7 deep trolls
  An unseen horror (D:13)
  15 sea snakes
  A glowing orange brain (Vaults:2)
  2 flayed ghosts
  A kraken simulacrum (Shoals:4)
  2 wizards (Vaults:1)
  2 deep elf archers
  8 ironbrand convokers
  2 necromancers
  12 orc knights
  11 deep elf magi
  11 harpies
  10 orb spiders
  A wolf spider zombie (D:14)
  5 orc sorcerers
  A frost giant zombie (D:15)
  8 cyclopes
  28 ugly things
  26 wolf spiders
  9 manticores
  3 moths of wrath
  9 fauns
  Joseph (D:9)
  4 vault sentinels
  4 black mambas
  A gargoyle (D:11)
  16 merfolk sirens
  17 spiny frogs
  2 torpor snails
  32 elephants
  3 water nymphs
  2 ice statues (IceCv)
  2 spriggan zombies (D:15)
  A kobold demonologist (D:14)
  9 komodo dragons
  The ghost of Soeti the Insei, a novice OpTm (D:6)
  5 rime drakes
  6 freezing wraiths
  16 demonic crawlers
  An efreet (D:13)
  20 yaktaurs
  22 merfolk
  5 trolls
  A troll (shapeshifter) (Vaults:2)
  12 hornets
  A polar bear (shapeshifter) (D:14)
  27 jumping spiders
  19 slime creatures
  5 polar bears
  9 snapping turtles
  17 blink frogs
  8 hippogriffs
  An elf zombie (D:15)
  17 dream sheep
  5 wind drakes
  2 meliai zombies
  46 redbacks
  23 tarantellas
  A shadow (D:13)
  13 water elementals
  2 spriggans
  A vampire (D:12)
  3 centaur simulacra (D:15)
  7 wyverns
  27 yaks
  5 basilisks
  A hog (shapeshifter) (D:15)
  A basilisk (shapeshifter) (Vaults:1)
  A steam dragon (D:9)
  4 wraiths
  Grum (D:9)
  4 hungry ghosts
  A human (D:11)
  A redback simulacrum (D:15)
  A fire elemental (Orc:2)
  8 vampire mosquitoes
  A warg (D:5)
  17 soldier ants
  3 acid dragons (D:13)
  14 porcupines
  16 water moccasins
  Purgy (Sewer)
  A hornet zombie (D:14)
  2 phantoms (D:7)
  A meliai simulacrum (D:15)
  20 ice beasts
  2 sky beasts
  52 orc warriors
  2 black bears (D:9)
  2 necrophages
  15 wolves
  20 ogres
  28 centaurs
  20 crocodiles
  3 big kobolds
  17 bullfrogs
  A deep troll simulacrum (Vaults:2)
  A water moccasin skeleton (D:8)
  9 scorpions
  18 killer bees
  6 jellies
  4 howler monkeys
  4 wights (D:8)
  6 crimson imps
  6 hounds
  2 human simulacra
  A bullfrog skeleton (D:10)
  A bullfrog zombie (D:12)
  32 orc priests
  6 centaur skeletons
  3 quasits
  41 orc wizards
  5 iguanas
  5 hell rats (Lair:6)
  39 worker ants
  A mummy (D:6)
  A howler monkey zombie (D:10)
  2 worker ant zombies
  5 gnolls
  12 adders
  5 shadow imps
  14 white imps (D:15)
  7 worms
  A dart slug (D:2)
  6 leopard geckos
  140 orcs
  4 ball pythons
  4 bats
  9 giant cockroaches
  2 gnoll zombies (D:9)
  9 goblins
  9 hobgoblins
  20 jackals
  3 quokkas
  13 frilled lizards
  2 hobgoblin zombies (D:6)
  A jackal skeleton (D:4)
  24 kobolds
  2 leopard gecko skeletons
  2 orc zombies (D:6)
  A quokka skeleton (D:10)
  3 quokka zombies
  5 rats
  5 fungi
  5 plants
  A withered plant (D:15)
1508 creatures vanquished.

Vanquished Creatures (others)
  An unseen horror (D:14)
  A spiny frog (Lair:5)
  A jumping spider (shapeshifter) (Vaults:2)
  A hornet (Spider:4)
  A slime creature (Vaults:2)
  A redback (Spider:1)
  A meliai simulacrum (D:13)
  An orc (D:13)
  A bush (Lair:3)
  87 fungi
  61 plants
  3 tentacles (Shoals:4)
160 creatures vanquished.

Grand Total: 1668 creatures vanquished

Notes
Turn   | Place    | Note
-------+----------+-------------------------------------------
     0 | D:1      | Gorglomux the Minotaur Earth Elementalist began the quest for the Orb.
     0 | D:1      | Reached XP level 1. HP: 14/14 MP: 1/1
   167 | D:1      | Reached skill level 1 in Fighting
   167 | D:1      | Reached skill level 1 in Armour
   167 | D:1      | Reached XP level 2. HP: 13/23 MP: 0/3
  1096 | D:2      | Found a glowing silver altar of Zin.
  1101 | D:2      | Reached XP level 3. HP: 27/28 MP: 4/4
  1109 | D:2      | Reached skill level 3 in Dodging
  1878 | D:2      | Found a stormy altar of Qazlal.
  2310 | D:3      | Reached skill level 1 in Axes
  2349 | D:3      | Reached XP level 4. HP: 37/37 MP: 5/5
  2427 | D:3      | Noticed mortelune's ghost (amateur HOGl)
  2903 | D:3      | Reached skill level 3 in Fighting
  2903 | D:3      | Reached skill level 3 in Armour
  2903 | D:3      | Reached XP level 5. HP: 20/45 MP: 1/6
  3020 | D:3      | Found a snail-covered altar of Cheibriados.
  4335 | D:4      | Reached skill level 3 in Axes
  4335 | D:4      | Reached XP level 6. HP: 21/52 MP: 7/7
  5199 | D:4      | Noticed an orc warrior
  5210 | D:4      | Killed an orc warrior
  5621 | D:4      | Reached XP level 7. HP: 60/60 MP: 8/8
  5889 | D:5      | Entered Level 5 of the Dungeon
  6019 | D:5      | Gained mutation: You are resistant to electric shocks. (rElec) [potion of mutation]
  6019 | D:5      | Gained mutation: Armour fits poorly on your strangely shaped body. [potion of mutation]
  6019 | D:5      | Gained mutation: Your muscles are strong. (Str +2) [potion of mutation]
  6022 | D:5      | HP: 3/61 [worker ant (6)]
  6885 | D:5      | Reached skill level 6 in Fighting
  6891 | D:5      | Reached skill level 6 in Armour
  7341 | D:4      | Reached XP level 8. HP: 29/70 MP: 9/9
  7664 | D:5      | Reached skill level 6 in Axes
  8936 | D:6      | HP: 3/73 [ogre/giant spiked club (26)]
  9497 | D:6      | Found a glowing drain.
  9519 | D:6      | Noticed Soeti's ghost (novice OpTm)
  9526 | Sewer    | Entered a sewer
  9641 | Sewer    | Noticed Purgy
  9658 | Sewer    | Killed Purgy
  9877 | D:6      | Killed Soeti's ghost
  9877 | D:6      | Reached XP level 9. HP: 66/81 MP: 10/10
  9985 | D:6      | Found a white marble altar of Elyvilon.
 10055 | D:6      | Found a sparkling altar of Nemelex Xobeh.
 10102 | D:6      | Reached skill level 1 in Shields
 10170 | D:6      | Got a pair of shimmering boots
 10176 | D:6      | Identified the +2 pair of boots of Fashionability {rElec rF- Str+6} (You found it on level 6 of the Dungeon)
 10257 | D:7      | Found a staircase to the Ecumenical Temple.
 10311 | Temple   | Entered the Ecumenical Temple
 10444 | D:7      | Reached skill level 3 in Shields
 10828 | D:7      | Reached skill level 9 in Axes
 11304 | D:7      | Found a deep blue altar of Sif Muna.
 11486 | D:7      | You fall through a shaft!
 11781 | D:8      | Noticed a two-headed ogre
 12211 | D:7      | Found an iron altar of Okawaru.
 12211 | D:7      | Found a bloodstained altar of Trog.
 12220 | D:7      | Reached XP level 10. HP: 85/88 MP: 11/11
 12225 | D:7      | Became a worshipper of Warmaster Okawaru
 12307 | D:8      | Killed a two-headed ogre
 12307 | D:8      | Reached * piety under Okawaru
 12307 | D:8      | Reached skill level 12 in Axes
 13109 | D:8      | Found a staircase to the Lair.
 13213 | D:8      | Reached ** piety under Okawaru
 13248 | D:8      | Noticed a two-headed ogre
 13255 | D:8      | Killed a two-headed ogre
 13875 | D:8      | Got a scorched falchion
 13876 | D:8      | Identified the +8 falchion "Hanwasoe" {slice, rPois} (You found it on level 8 of the Dungeon)
 13909 | D:9      | Noticed Grum
 13918 | D:9      | Reached *** piety under Okawaru
 13934 | D:9      | Killed Grum
 13942 | D:9      | Noticed Dargar's ghost (novice DsGl)
 14163 | D:9      | Killed Dargar's ghost
 14163 | D:9      | Reached **** piety under Okawaru
 14163 | D:9      | Reached skill level 15 in Axes
 14163 | D:9      | Reached XP level 11. HP: 29/94 MP: 9/12
 14393 | D:9      | Noticed Joseph
 14414 | D:9      | Killed Joseph
 14722 | D:9      | Found a basalt altar of Yredelemnul.
 14826 | D:9      | Found a basalt altar of Yredelemnul.
 15000 | D:10     | Entered Level 10 of the Dungeon
 15586 | D:10     | Noticed a two-headed ogre
 15598 | D:10     | Killed a two-headed ogre
 15784 | D:11     | Reached ***** piety under Okawaru
 15785 | D:11     | Noticed a cyan ugly thing
 15803 | D:11     | Killed a cyan ugly thing
 15890 | D:11     | Found a staircase to the Orcish Mines.
 16526 | D:11     | Received a gift from Okawaru
 16675 | D:11     | Got a polished battleaxe {god gift}
 16681 | D:11     | Identified the +7 battleaxe "Erouhomo" {god gift, chop, rN+ Str-4 SInv} (Okawaru gifted it to you on level 11 of the Dungeon)
 16843 | D:12     | Noticed a skeletal warrior
 16844 | D:12     | Noticed a skeletal warrior
 16907 | Lair:1   | Entered Level 1 of the Lair of Beasts
 17175 | Lair:1   | Reached skill level 18 in Axes
 17226 | Lair:1   | Reached skill level 1 in Invocations
 17368 | Lair:1   | Reached XP level 12. HP: 69/102 MP: 9/13
 17393 | Lair:1   | Noticed an eight-headed hydra
 17429 | Lair:1   | Killed an 11-headed hydra
 17429 | Lair:1   | Reached skill level 3 in Invocations
 18351 | Lair:2   | Reached skill level 6 in Invocations
 18977 | Lair:3   | Received a gift from Okawaru
 18981 | Lair:3   | Received a gift from Okawaru
 19479 | Lair:3   | Reached skill level 6 in Shields
 19711 | Lair:3   | HP: 4/102 [elephant (12)]
 20229 | Lair:3   | Received a gift from Okawaru
 20279 | Lair:3   | Reached skill level 9 in Invocations
 20282 | Lair:3   | Reached XP level 13. HP: 72/107 MP: 13/18
 20407 | Lair:3   | Found a hole to the Spider Nest.
 20566 | Lair:3   | Reached skill level 9 in Shields
 20600 | Lair:3   | Noticed a dire elephant
 20613 | Lair:3   | Killed a dire elephant
 20731 | Lair:3   | Received a gift from Okawaru
 21091 | Lair:4   | Noticed Urug
 21099 | Lair:4   | Killed Urug
 21221 | Lair:4   | Found a staircase to the Shoals.
 21438 | Lair:4   | Reached skill level 1 in Evocations
 22734 | Lair:5   | Reached skill level 3 in Evocations
 23174 | Lair:5   | HP: 3/108 [hippogriff (3)]
 23199 | Lair:5   | HP: 4/108 [black mamba (6)]
 23906 | Lair:5   | Received a gift from Okawaru
 24139 | Lair:5   | Found a viscous altar of Jiyva.
 24140 | Lair:5   | Found a staircase to the Slime Pits.
 24462 | Lair:6   | Entered Level 6 of the Lair of Beasts
 24496 | Lair:6   | Reached skill level 12 in Shields
 24503 | Lair:6   | Reached XP level 14. HP: 72/116 MP: 12/20
 24540 | Lair:5   | HP: 5/116 [poisoned by a water moccasin]
 24546 | Lair:5   | HP: 3/116 [poisoned by a water moccasin]
 24551 | Lair:5   | HP: 2/116 [poisoned by a water moccasin]
 24558 | Lair:5   | HP: 2/116 [poisoned by a water moccasin]
 24566 | Lair:5   | HP: 2/116 [poisoned by a water moccasin]
 25158 | Lair:6   | Reached skill level 6 in Evocations
 25447 | Lair:6   | Paralysed by a hornet for 1 turns
 25451 | Lair:6   | Paralysed by a hornet for 1 turns
 26371 | D:12     | Received a gift from Okawaru
 26833 | D:12     | Noticed Dargar's ghost (journeyman DsGl)
 27129 | D:12     | Killed Dargar's ghost
 28347 | D:13     | Reached skill level 9 in Evocations
 29077 | D:13     | Reached XP level 15. HP: 105/123 MP: 18/21
 29173 | D:13     | Reached skill level 15 in Shields
 30220 | D:13     | Reached skill level 9 in Fighting
 30282 | D:14     | Reached skill level 9 in Armour
 30798 | D:14     | Received a gift from Okawaru
 30820 | D:14     | Identified a +0 pair of boots of running {god gift} (Okawaru gifted it to you on level 14 of the Dungeon)
 31129 | D:14     | Found a gate to the Vaults.
 31206 | D:14     | Reached skill level 6 in Dodging
 31417 | D:14     | Found a blossoming altar of Fedhas.
 31718 | D:15     | Entered Level 15 of the Dungeon
 31727 | D:15     | Found a frozen archway.
 31769 | IceCv    | Entered an ice cave
 32003 | IceCv    | Got a warped brass ring
 32013 | IceCv    | Identified the ring "Gizicsa" {*Slow +Fly rElec rPois Str+6} (You found it in an ice cave)
 32382 | D:15     | Found a staircase to the Depths.
 32420 | D:15     | Reached XP level 16. HP: 120/137 MP: 14/22
 32897 | Orc:1    | Entered Level 1 of the Orcish Mines
 32903 | Orc:1    | Noticed Fannar
 32914 | Orc:1    | Killed Fannar
 33158 | Orc:2    | Entered Level 2 of the Orcish Mines
 33363 | Orc:2    | Reached skill level 12 in Fighting
 33363 | Orc:2    | Reached skill level 12 in Armour
 33999 | Orc:2    | Received a gift from Okawaru
 34105 | Orc:2    | Found Jucvi's General Store.
 34106 | Orc:2    | Found Enocot's Book Boutique.
 34107 | Orc:2    | Found Quuvupyo's Antique Armour Boutique.
 34107 | Orc:2    | Found Met Edud's Antique Weapon Shop.
 34114 | Orc:2    | Bought a runed shield for 202 gold pieces
 34533 | Orc:2    | Found a staircase to the Elven Halls.
 34616 | Orc:1    | Reached skill level 9 in Dodging
 34862 | Spider:1 | Entered Level 1 of the Spider Nest
 36212 | Spider:2 | Received a gift from Okawaru
 36737 | Spider:3 | Reached XP level 17. HP: 136/150 MP: 15/23
 36937 | Spider:3 | Noticed Totori's ghost (adept DDFi)
 36952 | Spider:3 | Killed Totori's ghost
 37225 | Spider:4 | Entered Level 4 of the Spider Nest
 37381 | Spider:4 | Received a gift from Okawaru
 38158 | Spider:4 | Reached skill level 12 in Dodging
 38357 | Spider:4 | Got a gossamer rune of Zot
 38819 | Shoals:1 | Entered Level 1 of the Shoals
 38992 | Shoals:1 | Reached skill level 15 in Fighting
 39022 | Shoals:1 | Reached skill level 15 in Armour
 40325 | Shoals:3 | Reached XP level 18. HP: 138/163 MP: 14/24
 40457 | Shoals:3 | Found Ecane's Antique Armour Boutique.
 40604 | Shoals:3 | Noticed Donald
 40622 | Shoals:3 | Killed Donald
 40622 | Shoals:3 | Received a gift from Okawaru
 40861 | Shoals:4 | Entered Level 4 of the Shoals
 41426 | Shoals:4 | Identified the +0 pair of gloves of the Duchess {*Corrode +Blink MR++} (You found it on level 4 of the Shoals)
 41559 | Shoals:4 | Got a barnacled rune of Zot
 41816 | Shoals:4 | Noticed Ilsuiw
 42102 | Shoals:4 | Killed Ilsuiw
 42526 | Vaults:1 | Entered Level 1 of the Vaults
 42589 | Vaults:1 | Received a gift from Okawaru
 42676 | Vaults:1 | Noticed Pikaro's ghost (adept BaSu)
 42696 | Vaults:1 | Killed Pikaro's ghost
 43350 | Vaults:1 | Received a gift from Okawaru
 43542 | Vaults:1 | Reached XP level 19. HP: 163/177 MP: 22/25
 43896 | Vaults:2 | Received a gift from Okawaru
 44066 | Vaults:2 | Reached skill level 15 in Dodging
 44738 | Vaults:2 | Found Usmechag's Distillery.
 44749 | Vaults:2 | Reached skill level 18 in Fighting
 44763 | Vaults:2 | Bought a potion of haste for 140 gold pieces
 44763 | Vaults:2 | Bought 2 potions of heal wounds for 140 gold pieces
 44925 | Vaults:2 | Reached skill level 18 in Armour
 45027 | Vaults:3 | Noticed Bai Suzhen
 45053 | Vaults:3 | Killed from afar by Bai Suzhen

Vault maps used:
D:1:      minmay_arrival_up_and_down
D:2:      nicolae_overflow_hidden_temple, nicolae_overflow_crystal_walls
D:3:      lemuel_doored_altar, first_ration
D:4:      minivault_26, kennysheep_generic_room_4
D:5:      enter_ossuary_4, kennysheep_generic_room_10
D:6:      kennysheep_little_box, kennysheep_mini_moat, portal_sewer_entry_c,
          kennysheep_decorative_pillar, nicolae_zen_rock_garden,
          minmay_mini_ossuary
D:7:      grunt_temple_overflow_bloody_war, led_sif_book,
          minmay_temple_entry_large_hall
D:8:      david_lair_generic, special_room, the_bakery,
          kennysheep_generic_room_8
D:9:      lemuel_zombie_altar_yredelemnul, basic_altar, uniq_joseph, uniq_grum
D:11:     erik_orc_4
D:13:     minmay_crescents
D:14:     hangedman_vaults_entry_quadrant_bands, kennysheep_doodads,
          hangedman_tree_tricks
D:15:     gammafunk_depths_entry_grave, serial_ice, serial_ice_a, serial_ice_g,
          serial_ice_l, serial_ice_o, portal_ice_cave_entry_imps,
          minmay_misc_feat_five, nrook_pool_corridor, hex_medium
Temple:   nicolae_temple_god_jail
Lair:1:   infiniplex_staircase_pool_2
Lair:2:   grunt_megastairs_1, serial_bayou_shore_b
Lair:3:   mu_elephants_graveyard, nicolae_spider_entry_non_spiders,
          beast_lair_carwin_8
Lair:4:   elwin_shoals_entry_rocks, lemuel_fruit_fields, serial_bayou_shore_b,
          uniq_urug
Lair:5:   dpeg_slime_entry_enclosed_altar, serial_bayou_shore_a
Lair:6:   gammafunk_lair_ancient_temple
Shoals:1: nicolae_shoals_this_corrosion
Shoals:3: serial_shops, shop, uniq_donald
Shoals:4: shoals_end_grunt_ice, shoals_ilsuiw_ice
Spider:1: spiders_nest_scorpion_pit, zaba_antful_of_joy
Spider:4: grunt_spider_rune_island
Orc:1:    uniq_fannar
Orc:2:    st_orc_congregation, nicolae_orc_lava_tube
Vaults:1: grunt_vaults_hallway_short, v_misc_10, hangedman_vaults_stream,
          serial_ice_g, nicolae_vaults_little_squares_4,
          nicolae_vaults_big_angled_halls, serial_ice_h, v_misc_27,
          nicolae_vaults_asterisk, ontoclasm_vaults_gallery,
          grunt_vaults_twisty, hangedman_vaults_capsules,
          nicolae_vaults_rhombus_7, nicolae_vaults_little_squares_1
Vaults:2: vaults_room_hallway, ontoclasm_vaults_ring_small, v_misc_29,
          nicolae_vaults_stairing_the_circle, ontoclasm_vaults_misaligned,
          v_misc_26, vaults_room_fours, nicolae_vaults_angled_halls,
          ontoclasm_vaults_claustrophobia, vaults_room_corners,
          hangedman_vaults_pinch, vaults_room_pool, serial_shops,
          nicolae_shop_stone
Vaults:3: minmay_crypt_entry_necro_gods, vaults_standard_mumra_x,
          nicolae_vaults_little_squares_6, st_spiral_rooms, vaults_room_pool,
          vaults_dpeg_hooks, nicolae_vaults_border_crossing, uniq_bai_suzhen,
          uniq_aizul, uniq_xtahua
Sewer:    sewer_co_purgy_island
IceCv:    ice_cave_small_dragons

Skill      XL: |  1  2  3  4  5  6  7  8  9 10 11 12 13 14 15 16 17 18 19 |
---------------+----------------------------------------------------------+-----
Fighting       | 1 2 3 4 6 8 11 13 15 17 18 | 18.1
Armour         | 1 2 3 4 6 8 11 13 15 17 18 | 18.0
Dodging        | 3 7 10 12 14 15 | 15.6
Axes           | 1 2 3 4 5 7 11 15 18 | 18.0
Shields        | 4 8 12 14 15 | 15.0
Invocations    | 2 9 10 | 10.0
Evocations     | 5 9 10 | 10.0
Stealth        | |  1.5
Spellcasting   | |  1.3
Transmutations | |  0.7
Earth Magic    | |  2.4

Action                   |  1- 3 |  4- 6 |  7- 9 | 10-12 | 13-15 | 16-18 | 19-21 || total
-------------------------+-------+-------+-------+-------+-------+-------+-------++-------
Melee: Unarmed           |    14 |       |       |       |       |       |       ||    14
       Headbutt          |     2 |     5 |    74 |   128 |   381 |   387 |   104 ||  1081
       War axe           |       |    16 |   228 |    34 |       |       |       ||   278
       Dagger            |       |       |   173 |   138 |       |       |       ||   311
       Broad axe         |       |       |       |   377 |  1223 |  1558 |   346 ||  3504
       Battleaxe         |       |       |       |    90 |       |       |       ||    90
       Falchion          |       |       |       |       |    46 |       |       ||    46
       Eveningstar       |       |       |       |       |    52 |       |       ||    52
 Fire: Hunting sling     |   131 |   212 |    13 |       |       |       |       ||   356
Throw: Stone             |       |       |       |       |       |     1 |       ||     1
 Cast: Sandblast         |    13 |     4 |       |       |       |       |       ||    17
Invok: Heroism           |       |       |       |    16 |    38 |    30 |     2 ||    86
       Finesse           |       |       |       |     1 |    20 |    21 |     2 ||    44
Evoke: Wand              |       |       |    15 |     6 |    16 |     6 |     2 ||    45
       Lightning rod     |       |       |       |       |       |     5 |       ||     5
  Use: Scroll            |     3 |       |     4 |     8 |    16 |    14 |     1 ||    46
       Potion            |       |     1 |     8 |     1 |     5 |     3 |       ||    18
 Stab: Paralysed         |       |       |     1 |       |     4 |       |       ||     5
       Held in net/web   |       |       |       |       |       |     2 |       ||     2
  Eat: Chunk             |     5 |     6 |    14 |    26 |    28 |    19 |     3 ||   101
       Ration            |       |     1 |     2 |     1 |     4 |     7 |       ||    15
Armor: Robe              |    12 |     5 |       |       |       |       |       ||    17
       Ring mail         |       |    17 |    70 |       |       |       |       ||    87
       Skin              |       |       |    24 |       |       |       |       ||    24
       Scale mail        |       |       |    40 |   220 |   223 |    22 |       ||   505
       Chain mail        |       |       |       |       |       |   432 |    95 ||   527
Dodge: Dodged            |    48 |    92 |   263 |   286 |   374 |   540 |   157 ||  1760
Block: Buckler           |       |       |    32 |   112 |       |       |       ||   144
       Shield            |       |       |       |    77 |   712 |  1061 |   273 ||  2123
       Rpst.: Falchion   |       |       |       |       |     6 |       |       ||     6

Table legend:
 A = Spawn XP
 B = Non-spawn XP
 C = Spawn XP percentage of total XP
 D = Spawn monster count
 E = Non-spawn monster count
 F = Spawn count percentage of total count
 G = Total turns spent on level
                    A         B        C        D         E        F      G
               +---------+---------+-------+---------+---------+-------+---------
         Total |       0 |  436709 |   0.0 |       0 |    1502 |   0.0 | 45053
               +---------+---------+-------+---------+---------+-------+---------
           D:1 |       0 |      34 |   0.0 |       0 |      20 |   0.0 |  1060
           D:2 |       0 |      61 |   0.0 |       0 |      24 |   0.0 |  1880
           D:3 |       0 |     187 |   0.0 |       0 |      30 |   0.0 |  1135
           D:4 |       0 |     599 |   0.0 |       0 |      21 |   0.0 |  3007
           D:5 |       0 |    1151 |   0.0 |       0 |      36 |   0.0 |  2084
           D:6 |       0 |     974 |   0.0 |       0 |      21 |   0.0 |   757
           D:7 |       0 |    1413 |   0.0 |       0 |      35 |   0.0 |  1748
           D:8 |       0 |    4846 |   0.0 |       0 |      62 |   0.0 |  2103
           D:9 |       0 |    4009 |   0.0 |       0 |      46 |   0.0 |   946
          D:10 |       0 |    3419 |   0.0 |       0 |      39 |   0.0 |   872
          D:11 |       0 |    3476 |   0.0 |       0 |      39 |   0.0 |  1396
          D:12 |       0 |   12490 |   0.0 |       0 |      33 |   0.0 |  1819
          D:13 |       0 |   20533 |   0.0 |       0 |      64 |   0.0 |  2335
          D:14 |       0 |   22556 |   0.0 |       0 |      75 |   0.0 |   880
          D:15 |       0 |   12011 |   0.0 |       0 |      50 |   0.0 |   818
        Lair:1 |       0 |    4656 |   0.0 |       0 |      19 |   0.0 |  1433
        Lair:2 |       0 |    3025 |   0.0 |       0 |      16 |   0.0 |   762
        Lair:3 |       0 |   17788 |   0.0 |       0 |      60 |   0.0 |  2170
        Lair:4 |       0 |    8086 |   0.0 |       0 |      27 |   0.0 |  1881
        Lair:5 |       0 |    9407 |   0.0 |       0 |      34 |   0.0 |  2224
        Lair:6 |       0 |   19256 |   0.0 |       0 |      64 |   0.0 |  1277
      Shoals:1 |       0 |   17422 |   0.0 |       0 |      44 |   0.0 |   762
      Shoals:2 |       0 |    7632 |   0.0 |       0 |      17 |   0.0 |   642
      Shoals:3 |       0 |   12508 |   0.0 |       0 |      20 |   0.0 |   693
      Shoals:4 |       0 |   43298 |   0.0 |       0 |      72 |   0.0 |  1417
      Spider:1 |       0 |   28518 |   0.0 |       0 |      95 |   0.0 |   950
      Spider:2 |       0 |    8889 |   0.0 |       0 |      24 |   0.0 |   950
      Spider:3 |       0 |   14628 |   0.0 |       0 |      35 |   0.0 |   747
      Spider:4 |       0 |   31623 |   0.0 |       0 |      61 |   0.0 |  1229
         Orc:1 |       0 |    2077 |   0.0 |       0 |      24 |   0.0 |   645
         Orc:2 |       0 |   19718 |   0.0 |       0 |      94 |   0.0 |  1192
      Vaults:1 |       0 |   34779 |   0.0 |       0 |      64 |   0.0 |  1219
      Vaults:2 |       0 |   60004 |   0.0 |       0 |     108 |   0.0 |  1253
      Vaults:3 |       0 |      63 |   0.0 |       0 |       1 |   0.0 |    55
         Sewer |       0 |     169 |   0.0 |       0 |       8 |   0.0 |   334
         IceCv |       0 |    5404 |   0.0 |       0 |      20 |   0.0 |   306
               +---------+---------+-------+---------+---------+-------+---------
